AoeStats
← Sir Lilo

Arabia

503415834Analyzed
1v1 RM · 1mo ago on Aug 31, 2026· 45m 51s· 2 players
Game mode
Random Map
Map size
Tiny (2 player)
Population
200
Speed
Normal
Resources
Standard
Victory
Conquest
Starting age
Dark Age
Ending age
Imperial Age
RankedLock teamsTeams togetherTeam positionsShared explorationLock speedFull tech treeHidden civsTurbo modeCheats
Victory
Defeat
🇨🇱 Byzantines · Chile
822
+16
🇫🇷 Vikings · France
826
-16
Sir Lilo
10:47 Feudal Age
9:04 Loom
12:14 Double-Bit Axe
19:03 Castle Age
18:16 Forging
20:51 Scale Barding Armor
28:00 Wheelbarrow
29:00 Fletching
34:11 Imperial Age
33:12 Chain Barding Armor
33:29 Bodkin Arrow
34:30 Horse Collar
34:35 Crossbowman
35:58 Arbalester
37:28 Bracer
40:53 Ballistics
41:39 Thumb Ring
42:10 Bow Saw
43:55 Padded Archer Armor
MereSphere9899
0:33 Loom
10:40 Feudal Age
11:14 Double-Bit Axe
10:51 Man-at-Arms
11:20 Horse Collar
17:27 Gold Mining
17:48 Arson
18:53 Scale Mail Armor
18:56 Padded Archer Armor
23:32 Castle Age
21:44 Fletching
24:24 Pikeman
25:54 Bow Saw
27:35 Leather Archer Armor
26:46 Crossbowman
26:47 Elite Skirmisher
30:18 Long Swordsman
39:37 Imperial Age
38:49 Squires
42:05 Town Watch
42:53 Town Patrol
Connection lost

Rejoining the realm…

Still unreachable

The connection could not be restored.

Session expired

The server has moved on; the page needs a fresh start.